Map: Nightshade LE

Players

Trap

  • Race: Protoss Protoss
  • League: Master
  • Spawn Location: 5:00

INnoVation - Winner!

  • Race: Terran Terran
  • League: Master
  • Spawn Location: 11:00

Event: Shopify TSL 5

VOD

Have the link to the VOD?

Description

Time

  • Played on: June 7, 2020, 8:47 a.m.
  • Length: 14:24

All games in this series

Show
View Real Time Build Order
Export as new Build Order

Trap Protoss 

Build Orders: 1 Gate Expand, Blink Stalkers 

Get SALT Encoding   

  12  0:00  Probe  
  13  0:12  Probe  
  14  0:17  Pylon  
  14  0:24  Probe (Chrono Boost)  
  15  0:36  Probe (Chrono Boost), Gateway  
  16  0:43  Probe (Chrono Boost)  
  16  0:46  Assimilator  
  17  0:51  Probe  
  18  1:03  Probe  
  19  1:15  Probe  
  20  1:23  Cybernetics Core  
  20  1:32  Nexus  
  20  1:39  Pylon  
  20  1:42  Probe  
  21  1:49  Assimilator  
  21  1:54  Probe  
  22  1:56  Adept (Chrono Boost)  
  22  2:00  Warp Gate  
  24  2:06  Probe  
  25  2:17  Adept (Chrono Boost)  
  25  2:18  Probe  
  28  2:29  Twilight Council  
  28  2:30  Probe  
  28  2:39  Stalker  
  31  2:46  Probe x2 (Chrono Boost)  
  32  2:55  Probe (Chrono Boost)  
  32  2:57  Probe (Chrono Boost)  
  34  3:01  Probe (Chrono Boost)  
  34  3:02  Gateway  
  34  3:03  Blink (Chrono Boost)  
  35  3:06  Probe  
  36  3:14  Probe  
  36  3:18  Probe  
  38  3:21  Robotics Facility  
  38  3:27  Probe  
  38  3:30  Probe  
  40  3:35  Gateway  
  40  3:40  Gateway  
  40  3:48  Stalker  
  41  3:56  Probe x2  
  42  4:06  Warp Prism (Chrono Boost)  
  44  4:11  Pylon  
  44  4:13  Probe x2  
  44  4:16  Pylon  
  46  4:29  Probe x2  
  48  4:33  Pylon  
  48  4:34  Observer  
  48  4:35  Stalker x3  
  55  4:44  Stalker  
  55  4:46  Probe x2  
  57  4:58  Probe x2  
  57  5:02  Stalker x2  
  57  5:04  Stalker  
  63  5:12  Probe x2, Pylon  
  65  5:15  Assimilator  
  57  5:40  Stalker x4  
  57  5:41  Probe x2  
  63  5:53  Probe x2, Assimilator  
  63  5:54  Shield Battery  
  65  5:57  Pylon  
  65  6:04  Robotics Bay  
  65  6:08  Stalker  
  67  6:20  Nexus  
  67  6:21  Pylon  
  67  6:23  Probe x2  
  69  6:32  Forge, Stalker  
  69  6:33  Stalker x2  
  69  6:35  Probe x2 (Chrono Boost)  
  76  6:47  Probe x2 (Chrono Boost)  
  76  6:49  Observer  
  76  6:53  Colossus, Probe (Chrono Boost)  
  76  6:54  Probe (Chrono Boost)  
  84  7:01  Probe x2 (Chrono Boost)  
  84  7:04  Protoss Ground Weapons Level 1 (Chrono Boost)  
  84  7:13  Probe (Chrono Boost)  
  84  7:14  Probe (Chrono Boost)  
  86  7:17  Extended Thermal Lance (Chrono Boost)  
  86  7:19  Probe x2 (Chrono Boost)  
  86  7:20  Pylon  
  88  7:28  Probe x2  
  90  7:32  Charge, Gateway  
  90  7:34  Gateway  
  90  7:35  Gateway  
  90  7:40  Gateway  
  90  7:41  Colossus (Chrono Boost)  
  90  7:48  Probe x3  
  93  7:52  Pylon  
  99  7:59  Photon Cannon  
  99  8:07  Nexus, Pylon  
  99  8:17  Photon Cannon, Pylon  
  98  8:25  Stalker x2  
  102  8:31  Observer (Chrono Boost)  
  103  8:37  Nexus  
  103  8:38  Pylon  
  103  8:39  Sentry x3  
  109  8:47  Observer (Chrono Boost)  
  110  8:48  Zealot x4  
  110  8:51  Probe x3, Gravitic Boosters (Chrono Boost)  
  110  8:53  Observer  
  121  8:55  Photon Cannon  
  121  8:59  Photon Cannon  
  121  9:04  Observer (Chrono Boost)  
  122  9:10  Robotics Facility  
  122  9:12  Probe  
  122  9:13  Probe x2  
  122  9:14  Photon Cannon  
  125  9:19  Protoss Ground Weapons Level 2 (Chrono Boost)  
  125  9:27  Immortal  
  125  9:30  Stalker  
  129  9:36  Zealot x4  
  137  9:39  Probe x2  
  137  9:42  Stalker  
  137  9:57  Zealot x7  
  151  10:04  Immortal (Chrono Boost)  
  151  10:07  Immortal (Chrono Boost)  
  159  10:17  Probe x2  
  159  10:18  Probe x3  
  162  10:23  Stalker x2  
  162  10:24  Stalker  
  162  10:32  Probe x4 (Chrono Boost)  
  162  10:33  Probe (Chrono Boost)  
  161  10:44  Probe x4 (Chrono Boost)  
  161  10:47  Stalker  
  168  10:50  Probe (Chrono Boost)  
  168  10:51  Probe x4 (Chrono Boost)  
  168  10:56  Probe  
  167  10:58  Probe x2  
  168  11:05  Photon Cannon  
  168  11:17  Zealot x5  
  178  11:27  Pylon  
  178  11:29  Pylon  
  178  11:31  Pylon  
  178  11:38  Protoss Shields Level 1 (Chrono Boost)  
  160  11:41  Observer x2  
  142  11:47  Stalker x4  
  142  11:48  Stalker x3  
  142  11:49  Stalker  
  119  12:06  Gateway  
  119  12:07  Gateway  
  118  12:09  Gateway  
  118  12:12  Stalker x8  
  132  12:27  Stargate  
  131  12:35  Stalker x6  
  139  12:51  Stalker x2  
  139  13:04  Zealot  
  139  13:05  Zealot x8  
  147  13:11  Immortal (Chrono Boost), Warp Prism (Chrono Boost)  
  148  13:22  Stalker x2  
  148  13:30  Stalker x2  
  128  13:51  Zealot x4  
  128  13:53  Observer (Chrono Boost)  
  128  13:54  Observer (Chrono Boost)  
  138  14:05  Zealot  
  138  14:06  Zealot x3  
Show
View Real Time Build Order
Export as new Build Order

INnoVation Terran - Winner!

Build Orders: Mech 

Get SALT Encoding   

  12  0:00  SCV  
  13  0:12  SCV  
  14  0:17  Supply Depot  
  14  0:24  SCV  
  15  0:38  SCV  
  15  0:40  Barracks  
  16  0:43  Refinery  
  16  0:50  SCV  
  17  1:02  SCV  
  18  1:15  SCV  
  19  1:27  Marine, Orbital Command  
  20  1:48  Command Center  
  20  1:49  Barracks Reactor  
  20  1:53  SCV  
  21  1:57  Supply Depot  
  21  2:05  SCV  
  22  2:09  Factory  
  22  2:16  Refinery  
  22  2:18  SCV  
  23  2:26  Marine x2  
  25  2:30  SCV  
  26  2:43  SCV, Marine  
  26  2:44  Marine  
  29  2:53  Hellion  
  29  2:54  Starport  
  31  3:00  SCV  
  31  3:01  Orbital Command  
  32  3:06  Marine x2  
  32  3:12  SCV  
  35  3:14  Widow Mine  
  37  3:24  SCV  
  37  3:25  Marine x2  
  40  3:27  SCV  
  40  3:30  Supply Depot  
  40  3:32  Medivac  
  43  3:37  Factory Tech Lab  
  43  3:39  SCV x2  
  45  3:45  Marine  
  46  3:51  Marine  
  46  3:52  Supply Depot  
  46  3:53  SCV x2  
  46  3:55  Siege Tank  
  52  4:02  Starport Tech Lab  
  52  4:05  Marine  
  52  4:06  SCV x2  
  52  4:09  Marine  
  54  4:10  Bunker  
  54  4:16  Supply Depot  
  54  4:20  Banshee  
  54  4:21  SCV x2  
  54  4:23  Marine  
  60  4:27  Marine  
  61  4:33  Supply Depot  
  61  4:35  SCV  
  61  4:37  SCV, Siege Tank  
  66  4:46  Marine  
  66  4:47  Marine  
  66  4:50  SCV x2  
  69  4:57  Command Center  
  68  5:02  SCV x2  
  68  5:03  Banshee  
  68  5:06  Marine x2  
  75  5:07  Supply Depot  
  75  5:11  Siege Tank  
  78  5:18  Refinery  
  78  5:19  Refinery  
  78  5:25  SCV x2  
  76  5:28  Marine x2  
  76  5:37  SCV x2  
  78  5:44  Siege Tank  
  78  5:46  Marine x2  
  78  5:49  SCV x2, Banshee  
  84  5:58  Supply Depot  
  84  6:01  SCV x2, Engineering Bay  
  86  6:09  Marine x2  
  86  6:10  Orbital Command  
  88  6:15  SCV x2  
  90  6:19  Factory  
  90  6:20  Siege Tank, Factory, Supply Depot  
  93  6:26  Marine x2  
  93  6:27  SCV x2  
  95  6:34  Missile Turret  
  95  6:38  Raven  
  95  6:39  SCV x2  
  99  6:45  Supply Depot  
  99  6:47  Missile Turret x2  
  99  6:51  SCV  
  100  6:55  Orbital Command  
  100  6:57  SCV  
  101  7:02  Hyperflight Rotors  
  101  7:03  SCV, Siege Tank  
  105  7:08  Refinery  
  105  7:09  SCV, Supply Depot  
  105  7:10  Refinery  
  106  7:16  SCV  
  106  7:18  Factory Tech Lab  
  106  7:21  SCV, Banshee  
  111  7:28  SCV, Missile Turret  
  108  7:30  SCV  
  108  7:33  SCV  
  110  7:37  Supply Depot  
  110  7:38  Supply Depot x2  
  110  7:40  SCV  
  110  7:42  SCV  
  110  7:43  Siege Tank  
  110  7:44  Hellion, Siege Tank  
  118  7:45  Hellion  
  118  7:46  SCV  
  121  7:52  SCV  
  121  7:54  SCV  
  121  7:55  Supply Depot  
  121  7:58  SCV  
  124  8:04  SCV  
  125  8:06  Banshee  
  125  8:07  Armory  
  125  8:08  Armory  
  125  8:11  SCV x2  
  130  8:16  SCV  
  131  8:23  Barracks Reactor  
  131  8:24  Siege Tank  
  131  8:26  Factory  
  134  8:27  Factory  
  134  8:31  SCV x3  
  137  8:37  Missile Turret, Supply Depot  
  137  8:42  Infernal Pre-Igniter, Supply Depot  
  137  8:43  Mag-Field Accelerator  
  137  8:48  Command Center  
  137  8:52  Missile Turret  
  137  8:55  SCV, Missile Turret, Terran Vehicle Weapons Level 1, Terran Vehicle And Ship Armor Level 1  
  138  8:56  SCV  
  139  9:03  Hellion, Cloaking Field, Sensor Tower  
  139  9:04  Hellion  
  139  9:09  Banshee  
  146  9:13  Factory Tech Lab  
  146  9:16  Supply Depot  
  146  9:20  Command Center  
  146  9:24  Cyclone x2  
  152  9:31  Hellion x4  
  160  9:35  Supply Depot  
  160  9:51  Cyclone  
  160  9:52  Hellion x3, Banshee  
  171  9:53  Hellion  
  171  9:56  Cyclone x2  
  177  10:03  Factory  
  177  10:04  Factory  
  177  10:07  Factory  
  174  10:28  Cyclone x2  
  174  10:29  Cyclone  
  174  10:33  Hellion x4  
  185  10:37  Banshee  
  184  10:50  Factory Tech Lab x2  
  184  10:51  Factory Reactor  
  184  10:54  Planetary Fortress  
  182  10:57  Refinery  
  182  10:59  Refinery  
  182  11:04  Cyclone x3  
  182  11:05  Hellion x3  
  182  11:06  Hellion  
  182  11:10  Missile Turret x2  
  199  11:12  Sensor Tower  
  199  11:13  SCV  
  200  11:22  Terran Vehicle Weapons Level 2  
  198  11:34  Smart Servos  
  192  11:41  Terran Vehicle And Ship Armor Level 2  
  192  11:42  Cyclone  
  192  11:46  Cyclone  
  181  11:48  Hellion x5  
  175  11:55  Banshee  
  175  11:59  SCV x3  
  182  12:01  SCV  
  182  12:11  SCV  
  182  12:12  SCV  
  182  12:13  SCV x2, Cyclone  
  182  12:14  Cyclone x3, Hellion  
  194  12:24  Planetary Fortress  
  194  12:26  SCV x4  
  180  12:37  Banshee  
  178  12:45  Cyclone  
  178  12:46  Cyclone x3, Hellion x2  
  178  12:47  Hellion  
  178  12:48  Hellion x2  
  185  13:05  Cyclone  
  185  13:06  Hellion  
  185  13:08  Hellion x2  
  185  13:09  Hellion, Refinery  
  185  13:10  Refinery  
  185  13:12  SCV x2  
  189  13:13  SCV x3  
  189  13:18  Cyclone x4  
  198  13:35  Hellion  
  198  13:40  Cyclone  
  189  13:47  Hellion x5  
  190  13:50  Cyclone x4  
  190  13:53  SCV  
  190  13:55  Command Center  
Tags
 
Add a new tag
Caveats
  • Supply blocks, unpowered buildings, or Contaminate may cause inaccurate times.
  • Supply counts are checked every 10 seconds.